 Dungeon Crawl Stone Soup version 0.31.0-11-ge490571c62 (webtiles) character file.

Game seed: 13358552718692043369

44342 sanka the Brawler (level 13, -5/133 HPs)
             Began as a Troll Monk on Feb 3, 2024.
             Was a High Priest of the Shining One.
             Slain by Frances
             ... wielding a +0 glaive
              (30 damage)
             ... on level 14 of the Dungeon.
             The game lasted 00:42:27 (13345 turns).

sanka the Brawler (Troll Monk)                     Turns: 13345, Time: 00:42:28

Health: -5/133     AC: 12    Str: 22    XL:     13   Next: 95%
Magic:  10/19      EV: 18    Int:  6    God:    the Shining One [*****.]
Gold:   2543       SH: 22    Dex: 22    Spells: 12/12 levels left

rFire   . .          .
                       - Unarmed
rCold   + . .        T - +0 kite shield {rC+}
rNeg    + + .        Q - +0 swamp dragon scales
rPois   +            a - +2 hat
rElec   .            S - +0 cloak
rCorr   .            (gloves unavailable)
SInv    .            (boots unavailable)
Will    .....        i - amulet of regeneration
Stlth   +            q - +6 ring of dexterity
HPRegen 2.02/turn    g - +5 ring of evasion
MPRegen 0.16/turn

%: no passive effects
@: divinely shielded, glowing, studying 2 skills
A: large, unfitting armour, claws 3, regeneration 1, shaggy fur 1, tough skin 1
a: Renounce Religion, Divine Shield, Cleansing Flame, Summon Divine Warrior


You were on level 14 of the Dungeon.
You worshipped the Shining One.
The Shining One was extremely pleased with you.
You visited 1 branch of the dungeon, and saw 14 of its levels.
You also visited: Sewer and Ice Cave.

You collected 2543 gold pieces.


Innate Abilities, Weirdness & Mutations

You are too large for most types of armour.
You have claws for hands.
Your natural rate of healing is unusually fast.
You are covered in fur. (AC +1)
You have tough skin. (AC +1)


   Skills:
 - Level 10.1 Fighting
 - Level 8.0 Dodging
 - Level 8.0 Shields
 - Level 15.0 Unarmed Combat
 + Level 9.5 Invocations


You had 12 spell levels left.
You didn't know any spells.
Your spell library contained the following spells:

 Spells                   Type           Power      Damage    Failure   Level
 Apportation              Tloc           0%         N/A       85%         1
 Magic Dart               Conj           0%         1d3       85%         1
 Necrotise                Necr           0%         1d4       85%         1
 Sting                    Conj/Alch      0%         1d3       85%         1
 Summon Small Mammal      Summ           0%         N/A       85%         1
 Blink                    Tloc           0%         N/A       94%         2
 Call Imp                 Summ           0%         N/A       94%         2
 Ensorcelled Hibernation  Hex/Ice        0%         N/A       94%         2
 Sublimation of Blood     Necr           0%         N/A       94%         2
 Hailstorm                Conj/Ice       0%         3d5       99%         3
 Inner Flame              Hex/Fire       0%         N/A       99%         3
 Ozocubu's Armour         Ice            0%         N/A       99%         3
 Summon Ice Beast         Ice/Summ       0%         N/A       99%         3
 Cause Fear               Hex            0%         N/A       100%        4
 Flame Wave               Conj/Fire      0%         2d4       100%        4
 Petrify                  Alch/Erth      0%         N/A       100%        4
 Sticky Flame             Fire/Alch      0%         2d4       100%        4
 Vhi's Electric Charge    Tloc/Air       0%         N/A       100%        4
 Arcjolt                  Conj/Air       0%         1d10      100%        5
 Fireball                 Conj/Fire      0%         3d3       100%        5
 Irradiate                Conj/Alch      0%         3d11      100%        5
 Metabolic Englaciation   Hex/Ice        0%         N/A       100%        5
 Sculpt Simulacrum        Ice/Alch       0%         N/A       100%        6
 Ozocubu's Refrigeration  Ice            0%         4d7       100%        7
 Maxwell's Capacitive Co  Air            0%         ∞         100%        8
 Dragon's Call            Summ           0%         N/A       100%        9

Inventory:

Hand Weapons
 b - a +6 scimitar of flaming
Missiles
 k - 11 silver javelins (quivered)
 p - 15 large rocks {=f}
 O - 4 curare-tipped darts {=f}
Armour
 a - a +2 hat (worn)
 c - +0 acid dragon scales
 Q - +0 swamp dragon scales (worn)
 S - a +0 cloak (worn)
 T - a +0 kite shield of cold resistance (worn)
Jewellery
 g - a +5 ring of evasion (right claw)
 i - an amulet of regeneration (around neck)
 l - an amulet of the acrobat
 q - a +6 ring of dexterity (left claw)
 F - a ring of protection from fire
 G - a ring of poison resistance
 U - the ring of Ithiuss {Str+6 SInv Stlth+}

   [ring of strength]

   Str+6:     It affects your strength (+6).
   SInv:      It lets you see invisible.
   Stlth+:    It makes you more stealthy.
 W - an amulet of faith
Talismans
 X - a dragon-blood talisman
Wands
 y - a wand of roots (6)
 H - a wand of flame (58)
 J - a wand of paralysis (8)
 N - a wand of mindburst (22)
Scrolls
 d - 4 scrolls of fog
 e - 2 scrolls of immolation {!r}
 h - 6 scrolls of revelation
 o - 8 scrolls of teleportation {@r4}
 r - 5 scrolls of noise {!r}
 w - 2 scrolls of silence {!r}
 A - 3 scrolls of poison
 B - 2 scrolls of butterflies
 I - 2 scrolls of fear
 K - a scroll of vulnerability {!r}
 M - 3 scrolls of blinking
 V - a scroll of enchant armour
Potions
 f - a potion of degeneration {unknown}
 s - a potion of magic {unknown}
 t - 4 potions of heal wounds {@q2}
 u - 4 potions of mutation {unknown}
 v - 3 potions of might {unknown}
 x - a potion of brilliance {unknown}
 z - 4 potions of resistance {unknown}
 C - 5 potions of curing {unknown}
 D - 2 potions of invisibility {unknown}
 E - 2 potions of lignification {unknown}
 L - 2 potions of haste {unknown}
 P - 2 potions of enlightenment {unknown}
 R - 5 potions of attraction {!q}
 Z - 3 potions of ambrosia

Dungeon Overview and Level Annotations

Branches:
Dungeon (14/15)            Temple (0/1) D:7            Lair (0/5) D:8
    Orc (0/2) D:10          Sewer (visited)           IceCv (visited)
 Vaults: D:13-14

Altars:
Cheibriados
Dithmenos
Fedhas
Gozag
Ru
Uskayaw
Vehumet
Xom
Zin
The Shining One

Shops:
D:4 :   D:6 (   D:13 [

Portals:
Trove: D:10 (give +2 storm dragon scales)

Annotations:
D:8 exclusion: downstairs
D:10 1 transporter, exclusion: downstairs
D:14 Frances

▒▒▒▒.....▒....▒▒▒▒...........
▒........?...▒▒ ▒.▒........▒
▒..............▒ ▒.▒........▒
.▒▒▒............▒▒.........▒
.▒ ▒▒......................▒
▒▒ ▒.........................
▒ ▒.........☼.A#@.▒▒........
▒▒▒........<.....h.▒▒....3...
...............3T3B▒.........
....... .....▒▒▒▒...........
.▒▒.▒▒▒ .... ............
..▒.▒ ..... .........@..
..▒.▒ ▒..... ............
▒▒..▒▒▒..... ........
...........▒ ..........
.......▒▒▒. ........▒..


You could see Frances (fast), a boulder beetle, 2 smoke demons, a howler monkey
and a friendly angel (summoned).


Message History

The lance of force hits you!!
* * * LOW HITPOINT WARNING * * *
You are knocked back by the lance of force.
You collide with the smoke demon!
The smoke demon is moderately wounded.
* * * LOW HITPOINT WARNING * * *
The battlesphere fires!
The barrage of energy hits your angel! You block Frances's attack.
Unknown command.
You claw the tengu conjurer!
You kill the tengu conjurer!
The battlesphere dissipates.
Your angel barely misses the ynoxinul.
Your angel hits the ynoxinul with a +2 sacred scourge of holy wrath!
The ynoxinul convulses!
You block the howler monkey's attack.
Frances hits you from afar with a +0 glaive!!
* * * LOW HITPOINT WARNING * * *
Unknown command.
Your angel hits the ynoxinul with a +2 sacred scourge of holy wrath!
The ynoxinul convulses.
Your angel hits the ynoxinul with a +2 sacred scourge of holy wrath!
The ynoxinul dies!
You block the howler monkey's attack. You block the smoke demon's attack.
You block the smoke demon's attack. The smoke demon misses you.
Frances hits you from afar with a +0 glaive!!
You die...

Action                     |  1- 3 |  4- 6 |  7- 9 | 10-12 | 13-15 || total
---------------------------+-------+-------+-------+-------+-------++-------
  Melee: Unarmed           |    72 |   154 |   179 |   597 |   258 ||  1260
         Punch             |       |       |       |    26 |       ||    26
  Throw: Javelin           |       |     1 |     1 |       |       ||     2
 Invoke: Divine Shield     |       |       |       |     3 |     2 ||     5
         Summon Divine War |       |       |       |     1 |     3 ||     4
  Evoke: Wand              |       |       |     2 |     6 |     5 ||    13
    Use: Scroll            |       |       |       |    15 |     7 ||    22
         Potion            |       |       |       |       |     2 ||     2
 Armour: Robe              |    26 |    39 |    62 |    20 |       ||   147
         Swamp dragon scal |       |       |       |   212 |   200 ||   412
  Dodge: Dodged            |    33 |    99 |    91 |   319 |   227 ||   769
  Block: Kite shield       |       |       |       |    95 |   241 ||   336

Levels and vault maps discovered:
D:1:      giann_horns, layout_rooms
D:2:      layout_basic, shapermc_ecumenical_altar_petra
D:3:      layout_loops_ring, grunt_temple_overflow_open,
          mainiacjoe_overflow_paths, portal_sewer_entry_f,
          chequers_serial_rivers_micro_b
D:4:      layout_loops_ring, nicolae_shop_self_help, uniq_grinder
D:5:      layout_loops_cross, chequers_mini_garden
D:6:      layout_basic, amcnicky_altar_gilded,
          mainiacjoe_overflow_catch_the_wave, serial_shops,
          nicolae_shop_hallway_stairs
D:7:      layout_loops_ring, minmay_temple_entry_slanted
D:8:      nzn_winding_woodlands_medium [nzn_winding_woodlands_5x5_three,
          nzn_winding_woodlands_5x15_sidewinder,
          nzn_winding_woodlands_5x5_perimeter, nzn_winding_woodlands_hourglass,
          nzn_winding_woodlands_center_garden,
          nzn_winding_woodlands_5x5_checkerboard,
          nzn_winding_woodlands_5x5_closed_star,
          nzn_winding_woodlands_5x15_river_crossing,
          nzn_winding_woodlands_5x5_open_star], layout_loops_ring,
          nicolae_ru_the_path_less_chosen, dpeg_oklobed_lair,
          minmay_increasing_density, uniq_maggie
D:9:      layout_loops_ring, zin_statuary, serial_rivers,
          chequers_serial_rivers_micro_a, chequers_serial_rivers_micro_b,
          chequers_serial_rivers_small_3, chequers_serial_rivers_micro_e,
          chequers_serial_rivers_room_a, hangedman_minor_magic
D:10:     layout_loops_ring, nicolae_dithmenos_through_a_glass_darkly,
          orc_0_dummy, nicolae_trove_entry_free_sample, nicolae_diode_basic
D:11:     layout_rooms, patterned_corridor
D:12:     layout_basic, ebering_ghost_xom, serial_ice, serial_ice_m,
          serial_ice_c, serial_ice_i, serial_ice_h, serial_ice_e, serial_ice_d,
          serial_ice_b, serial_ice_a, portal_ice_cave_rime
D:13:     minmay_the_grid_square_5x5_4x4 [minmay_the_grid_square_5x5_fat_x,
          minmay_the_grid_square_5x5_minivault,
          minmay_the_grid_square_5x5_forky,
          minmay_the_grid_square_5x5_misaligned,
          minmay_the_grid_square_5x5_almost_minimal,
          minmay_the_grid_square_5x5_prize_deathbox,
          minmay_the_grid_square_5x5_prize_itemx,
          minmay_the_grid_square_5x5_detours,
          minmay_the_grid_square_5x5_trominoes,
          minmay_the_grid_square_5x5_prize_gold,
          minmay_the_grid_square_5x5_prize_junk,
          minmay_the_grid_square_5x5_spiral_small,
          minmay_the_grid_square_5x5_spiral, minmay_the_grid_square_5x5_minimal,
          minmay_the_grid_square_5x5_fancy_junction,
          minmay_the_grid_square_5x5_mess], layout_cave_pods, serial_shops,
          nicolae_shop_stone, uniq_rupert, uniq_josephine
D:14:     layout_cave_pools, david_vaults_4, uniq_frances

Notes
Turn   | Place    | Note
-------+----------+-------------------------------------------
     0 | D:1      | sanka the Troll Monk began the quest for the Orb.
     0 | D:1      | Reached XP level 1. HP: 22/22 MP: 0/0
    60 | D:1      | Reached XP level 2. HP: 26/29 MP: 1/1
    64 | D:1      | Reached skill level 3 in Fighting
   629 | D:2      | Identified the +0 pair of boots of the Shrieking God
                  | {Rampage Str+2 Int-2}
   648 | D:2      | Reached XP level 3. HP: 37/37 MP: 2/2
   851 | D:2      | Reached skill level 4 in Unarmed Combat
  1145 | D:2      | Reached XP level 4. HP: 45/45 MP: 3/3
  1173 | D:2      | Found a faded altar of an unknown god.
  1302 | D:3      | Found a radiant altar of Vehumet.
  1354 | D:3      | Found a hide-covered altar of Uskayaw.
  1356 | D:3      | Found a snail-covered altar of Cheibriados.
  1395 | D:3      | Noticed an ogre
  1405 | D:3      | Killed an ogre
  1406 | D:3      | Reached skill level 5 in Unarmed Combat
  1406 | D:3      | Reached XP level 5. HP: 53/53 MP: 4/4
  1463 | D:3      | Found a glowing drain.
  1478 | Sewer    | Entered a sewer
  1603 | Sewer    | Reached skill level 6 in Unarmed Combat
  1759 | Sewer    | Reached XP level 6. HP: 61/61 MP: 5/5
  2122 | D:3      | Reached skill level 7 in Unarmed Combat
  2586 | D:4      | Noticed Grinder
  2586 | D:4      | Found Orghilee's Self-Improvement Boutique.
  2599 | D:4      | Killed Grinder
  2600 | D:4      | Reached skill level 8 in Unarmed Combat
  2600 | D:4      | Reached XP level 7. HP: 59/67 MP: 6/6
  3143 | D:5      | Entered Level 5 of the Dungeon
  3431 | D:5      | Reached skill level 9 in Unarmed Combat
  3501 | D:5      | Reached XP level 8. HP: 75/75 MP: 7/7
  3656 | D:5      | Reached skill level 10 in Unarmed Combat
  4001 | D:6      | Reached skill level 4 in Fighting
  4004 | D:6      | Reached skill level 5 in Fighting
  4017 | D:6      | Reached skill level 6 in Fighting
  4049 | D:6      | Reached XP level 9. HP: 72/91 MP: 8/8
  4183 | D:6      | Found a blossoming altar of Fedhas.
  4217 | D:6      | Reached skill level 7 in Fighting
  4225 | D:6      | Found a glowing golden altar of the Shining One.
  4271 | D:6      | Found an opulent altar of Gozag.
  4513 | D:6      | Found Durum's Weapon Shop.
  4697 | D:6      | Became a worshipper of the Shining One
  4697 | D:6      | Reached * piety under the Shining One
  4697 | D:6      | Reached ** piety under the Shining One
  4767 | D:7      | Found a staircase to the Ecumenical Temple.
  5051 | D:7      | Reached skill level 8 in Fighting
  5113 | D:7      | Reached skill level 3 in Dodging
  5310 | D:8      | Noticed a two-headed ogre
  5323 | D:8      | Reached skill level 4 in Dodging
  5333 | D:8      | Killed a two-headed ogre
  5334 | D:8      | Reached skill level 5 in Dodging
  5355 | D:8      | Reached XP level 10. HP: 104/104 MP: 9/9
  5357 | D:8      | Reached skill level 6 in Dodging
  5405 | D:8      | Found a staircase to the Lair.
  5586 | D:8      | Found a sacrificial altar of Ru.
  5729 | D:8      | Identified +0 swamp dragon scales
  5729 | D:8      | Noticed Maggie
  5741 | D:8      | Killed Maggie
  5742 | D:8      | Reached skill level 7 in Dodging
  5899 | D:8      | Noticed a manticore
  5916 | D:8      | Killed a manticore
  5921 | D:8      | Reached skill level 8 in Dodging
  6079 | D:8      | Noticed a two-headed ogre
  6094 | D:8      | Killed a two-headed ogre
  6095 | D:8      | Reached skill level 11 in Unarmed Combat
  6143 | D:8      | Reached *** piety under the Shining One
  6765 | D:9      | Identified +0 steam dragon scales
  6888 | D:9      | Identified +0 steam dragon scales
  6889 | D:9      | Reached XP level 11. HP: 111/111 MP: 10/10
  7065 | D:9      | Found a glowing silver altar of Zin.
  7104 | D:9      | Reached skill level 12 in Unarmed Combat
  7381 | D:9      | Noticed a deep elf zephyrmancer
  7385 | D:9      | Killed a deep elf zephyrmancer
  7395 | D:9      | Noticed a deep elf pyromancer
  7400 | D:9      | Killed a deep elf pyromancer
  7558 | D:10     | Entered Level 10 of the Dungeon
  7558 | D:10     | Found a portal to a secret trove of treasure.
  7631 | D:10     | Identified +0 acid dragon scales
  7640 | D:10     | Reached skill level 13 in Unarmed Combat
  7727 | D:10     | Found a shadowy altar of Dithmenos.
  7758 | D:10     | Noticed a soul eater
  7907 | D:10     | Found a transporter.
  7936 | D:10     | Found a staircase to the Orcish Mines.
  8208 | D:11     | Noticed a two-headed ogre
  8218 | D:11     | Killed a two-headed ogre
  8584 | D:11     | Reached **** piety under the Shining One
  8602 | D:11     | Identified +0 acid dragon scales
  8603 | D:11     | Reached skill level 14 in Unarmed Combat
  8874 | D:12     | Noticed a green ugly thing
  8881 | D:12     | Killed a green ugly thing
  8884 | D:12     | Reached skill level 15 in Unarmed Combat
  8922 | D:12     | Reached skill level 1 in Shields
  8958 | D:12     | Reached skill level 2 in Shields
  8958 | D:12     | Reached XP level 12. HP: 119/119 MP: 11/11
  9223 | D:12     | Reached skill level 3 in Shields
  9282 | D:12     | Found a runed translucent door.
  9282 | D:12     | Found a shimmering altar of Xom.
  9282 | D:12     | Noticed Skimidon's ghost (journeyman VSFi)
  9354 | D:12     | Reached skill level 4 in Shields
  9361 | D:12     | Found a frozen archway.
  9373 | IceCv    | Entered an ice cave
  9387 | IceCv    | Reached ***** piety under the Shining One
  9446 | IceCv    | Reached skill level 1 in Invocations
  9717 | IceCv    | Reached skill level 2 in Invocations
 10030 | IceCv    | Reached skill level 3 in Invocations
 10174 | IceCv    | Reached skill level 4 in Invocations
 10174 | IceCv    | Reached ****** piety under the Shining One
 10267 | IceCv    | Noticed a reaper
 10283 | IceCv    | Killed a reaper
 10284 | IceCv    | Reached skill level 5 in Invocations
 10461 | IceCv    | Got the Anthology of Freezing
 10509 | D:12     | Reached skill level 5 in Shields
 10636 | D:12     | Noticed a five-headed hydra
 10676 | D:12     | Killed a six-headed hydra
 10677 | D:12     | Reached skill level 6 in Shields
 11205 | D:12     | Killed Skimidon's ghost
 11206 | D:12     | Reached skill level 7 in Shields
 11267 | D:12     | Identified the ring of Ithiuss {Str+6 SInv Stlth+}
 11336 | D:13     | Noticed a death knight
 11368 | D:13     | Killed a death knight
 11369 | D:13     | Reached skill level 8 in Shields
 11480 | D:13     | Noticed Josephine
 11498 | D:13     | Killed Josephine
 11500 | D:13     | Reached XP level 13. HP: 128/128 MP: 15/15
 11519 | D:13     | Identified the +0 ring mail of the Devil's Advocate
                  | {Rampage rN+ Dex-3}
 11625 | D:13     | Reached skill level 9 in Fighting
 11950 | D:13     | Reached skill level 10 in Fighting
 12182 | D:13     | Reached skill level 6 in Invocations
 12339 | D:13     | Noticed Rupert
 12339 | D:13     | Paralysed by Rupert for 3 turns
 12351 | D:13     | Killed Rupert
 12352 | D:13     | Reached skill level 7 in Invocations
 12794 | D:13     | Found Gexiz's Armour Emporium.
 12829 | D:13     | Reached skill level 8 in Invocations
 12927 | D:13     | Identified a scroll of acquirement
 12928 | D:13     | Acquired a manual of Shields
 13136 | D:14     | Reached skill level 9 in Invocations
 13323 | D:14     | Noticed Frances
 13344 | D:14     | HP: 3/133 [Frances/+0 glaive (31)]
 13345 | D:14     | Slain by Frances

Vanquished Creatures
  Rupert (D:13)
  A reaper (IceCv)
  Josephine (D:13)
  A hydra (D:13)
  The ghost of Skimidon the Fighter, a journeyman VSFi of Uskayaw (D:12)
  7 centaur warriors
  2 death knights (D:13)
  A boulder beetle (D:13)
  3 two-headed ogres
  A tengu warrior (D:14)
  A dancing weapon (D:12)
  A skeletal warrior (D:13)
  A deep elf zephyrmancer (D:9)
  A deep elf pyromancer (D:9)
  6 manticores
  2 cyclopes
  6 ugly things
  A meliai (D:13)
  An ice statue (IceCv)
  A gargoyle (D:13)
  Maggie (D:8)
  2 rime drakes (D:12)
  A kobold demonologist (D:10)
  An ice devil (IceCv)
  4 efreet (D:13)
  A tengu conjurer (D:14)
  2 anaconda simulacra (IceCv)
  A freezing wraith (D:8)
  2 trolls
  2 polar bears (D:12)
  A wind drake (shapeshifter) (D:13)
  Grinder (D:4)
  3 centaur simulacra (D:12)
  18 slime creatures
  A shadow (D:13)
  3 wyverns (D:8)
  8 wraiths
  4 vampires
  3 dire elephant simulacra (IceCv)
  14 yaks
  2 basilisks (D:13)
  4 steam dragons
  10 vampire mosquitoes
  3 death yak simulacra (IceCv)
  4 acid dragons
  2 water moccasins
  A swamp drake (D:9)
  3 sky beasts (D:8)
  3 orc warriors
  4 ice beasts
  A black bear (D:5)
  A wolf (D:12)
  A boggart (D:13)
  13 centaurs
  An ogre (D:3)
  2 phantoms
  2 kobold brigands
  3 bullfrogs
  4 scorpions
  8 two-headed ogre simulacra (IceCv)
  2 cane toad simulacra (IceCv)
  7 wights
  A hornet simulacrum (D:12)
  2 elephant simulacra (IceCv)
  3 killer bees (D:9)
  5 electric eels
  14 howler monkeys
  A crimson imp (D:9)
  3 hounds
  7 orc priests
  A bombardier beetle (D:5)
  3 jellies (D:5)
  2 iguanas
  A sleepcap (D:8)
  An iron imp (D:9)
  15 orc wizards
  6 spriggan simulacra (IceCv)
  A wolf simulacrum (IceCv)
  3 troll simulacra (IceCv)
  8 adders
  4 river rats (Sewer)
  6 naga simulacra (IceCv)
  A shadow imp (D:9)
  16 white imps
  2 ufetubi
  3 dart slugs
  2 ribbon worms
  43 orcs
  18 ball pythons
  5 bats
  6 endoplasms
  4 giant cockroaches
  7 goblins
  6 hobgoblins
  8 jackals
  31 kobolds
  3 quokkas
  5 frilled lizards
  30 rats
471 creatures vanquished.

Vanquished Creatures (collateral kills)
  3 hydras
  2 slime creatures (D:13)
5 creatures vanquished.

Vanquished Creatures (others)
  2 vampire mosquitoes
  An orc (D:9)
3 creatures vanquished.

Grand Total: 479 creatures vanquished
